 Dungeon Crawl Stone Soup version 0.21-a0-143-g1ab7d47 (webtiles) character file.

30 Gorglomux the Caller (level 3, -4/31 HPs)
             Began as a Hill Orc Summoner on July 25, 2017.
             Slain by a gnoll
             ... wielding a +0 whip
              (9 damage)
             ... on level 1 of the Dungeon.
             The game lasted 00:07:08 (896 turns).

Gorglomux the Caller (Hill Orc Summoner)             Turns: 896, Time: 00:07:09

Health: -4/31      AC:  5    Str: 11    XL:     3   Next: 18%
Magic:  5/5        EV: 12    Int: 15    God:
Gold:   65         SH:  0    Dex: 11    Spells: 4/5 levels left

rFire    . . .     SeeInvis .   p - +0 spear
rCold    . . .     Gourm    .   (no shield)
rNeg     . . .     Faith    .   a - +0 robe
rPois    .         Spirit   .   (no helmet)
rElec    .         Reflect  .   (no cloak)
rCorr    +         Harm     .   e - +2 pair of gloves
MR       .....                  (no boots)
Stlth    ++........             (no amulet)
HPRegen  0.10/turn              g - ring of resist corrosion
MPRegen  0.09/turn              (no ring)

@: no status effects
A: no striking features
a: no special abilities


You were on level 1 of the Dungeon.
You were hungry.

You visited 1 branch of the dungeon, and saw 2 of its levels.

You collected 65 gold pieces.

Inventory:

Hand Weapons
 p - a +0 spear (weapon)
Armour
 a - a +0 robe (worn)
 e - a +2 pair of gloves (worn)
 j - a +0 large shield
Jewellery
 g - a ring of resist corrosion (left hand)
 k - an uncursed ring of see invisible {unknown}
Scrolls
 f - a scroll of recharging {unknown}
 i - a scroll of teleportation {unknown}
 l - 2 scrolls of identify {unknown}
Potions
 d - a potion of haste {unknown}
 h - a potion of degeneration {unknown}
 n - 2 potions of brilliance {unknown}
Books
 b - a book of Callings

   Spells                             Type                      Level
   a - Summon Small Mammal            Summoning                    1
   b - Call Imp                       Summoning                    2
   c - Call Canine Familiar           Summoning                    3
   d - Summon Guardian Golem          Hexes/Summoning              3
   e - Summon Lightning Spire         Summoning/Air                4
   f - Summon Ice Beast               Ice/Summoning                4
Comestibles
 c - a bread ration
 o - 3 fruits


   Skills:
 + Level 3.3 Fighting
 - Level 1.5 Dodging
 - Level 1.5 Stealth
 - Level 1.5 Spellcasting
 - Level 4.0 Summonings


You had 4 spell levels left.
You knew the following spells:

 Your Spells              Type           Power        Failure   Level  Hunger
a - Summon Small Mammal   Summ           ##..         4%          1    ##.....


Dungeon Overview and Level Annotations

Branches:
Dungeon (2/15)

Altars:


Message History

The gnoll is severely wounded!
The gnoll barely misses you!
You barely miss the gnoll!
The gnoll butts severely wounded!
The gnoll hits you but does no damage!
You stick the gnoll butt do no damage!
The gnoll is severely wounded!
The gnoll hits you with a whip!
You barely miss the gnoll!
The gnoll is severely wounded!
The gnoll hits you with a whip!!! * * * don't die
* * * You skewer the gnoll but do no damage!
The gnoll is severely wounded!
The gnoll butts you with a whip! * * * don't die
* * * You barely miss the gnoll!
The butt is severely wounded!
The gnoll hits you with a whip!!! rip

..........# #............# ######
..........###..........### #.....
####...................# #.....
#######....#...........# #.....
..........##........#### #....(
........####.........#######.[...
.§≈≈≈≈...##...≈≈≈≈.........+.....
.§§≈≈≈≈......≈≈≈≈.≈..#######.....
§§§≈≈≈≈......≈≈g@≈≈..# #.....
§≈§§≈≈§......≈≈≈≈≈≈..#######..)..
.§§§≈≈..####..≈≈≈≈...#...........
.§§....## ##......#.#...........
.......# #.##.....#...........
###.#..## ##.##.....#...........
....#...####..##.....#...........
###.#........#.....#.#...........
#.#.##.......#.....#.#...........


You could see a gnoll.

Vanquished Creatures
  A dart slug (D:1)
  2 bats (D:1)
  2 giant cockroaches (D:1)
  3 goblins (D:1)
  3 jackals (D:1)
  2 frilled lizards (D:1)
  2 rats (D:1)
15 creatures vanquished.

Vanquished Creatures (collateral kills)
  An ooze (D:1)
  A leopard gecko (D:1)
  2 bats (D:1)
  3 giant cockroaches (D:1)
  3 hobgoblins (D:1)
  A jackal (D:1)
  A kobold (D:1)
12 creatures vanquished.

Grand Total: 27 creatures vanquished

Notes
Turn   | Place    | Note
-------+----------+-------------------------------------------
     0 | D:1      | Gorglomux the Hill Orc Summoner began the quest for the Orb.
     0 | D:1      | Reached XP level 1. HP: 14/14 MP: 3/3
    23 | D:1      | Reached skill level 1 in Fighting
   226 | D:1      | Reached XP level 2. HP: 21/24 MP: 0/4
   631 | D:1      | Reached skill level 3 in Fighting
   636 | D:1      | Reached XP level 3. HP: 31/31 MP: 2/5
   896 | D:1      | Slain by a gnoll

Vault maps used:
D:1:      dpeg_arrival_pits
D:2:      amethyst_overflow_temple_binary, kennysheep_generic_room_7

Skill      XL: |  1  2 |
---------------+-------+-----
Fighting       | 1 3 |  3.3
Dodging        | |  1.5
Stealth        | |  1.5
Spellcasting   | |  1.5
Summonings     | |  4.0

Action                   || total
-------------------------++-------
Melee: Unarmed           ||    43
       Spear             ||    38
 Cast: Summon Small Mamm ||    17
Armor: Robe              ||    39
Dodge: Dodged            ||    67
